 Dungeon Crawl Stone Soup version 0.31-a0-816-gd61d57ddb1 (webtiles) character file.

Game seed: 17317319616596067198

22 Maratek the Magician (level 2, -1/15 HPs)
             Began as a Deep Elf Air Elementalist on Sept 22, 2023.
             Succumbed to a gnoll's poison
             ... on level 1 of the Dungeon.
             The game lasted 00:01:21 (880 turns).

Maratek the Magician (Deep Elf Air Elementalist)     Turns: 880, Time: 00:01:21

Health: -1/15      AC:  2    Str:  5    XL:     2   Next: 68%
Magic:  8/8        EV: 27    Int: 19    God:
Gold:   64         SH:  0    Dex: 15    Spells: 7/8 levels left

rFire   . . .        (no weapon)
rCold   . . .        (no shield)
rNeg    . . .        a - +0 robe
rPois   .            (no helmet)
rElec   .            (no cloak)
rCorr   .            (no gloves)
SInv    .            (no boots)
Will    .....        g - amulet of the acrobat
Stlth   ++           (no ring)
HPRegen 0.22/turn    (no ring)
MPRegen 0.11/turn

%: acrobat
@: lethally poisoned (-1 -> -7), acrobatic
A: no striking features
a: no special abilities


You were on level 1 of the Dungeon.
You visited 1 branch of the dungeon, and saw 2 of its levels.

You collected 64 gold pieces.

Inventory:

Missiles
 d - a throwing net
Armour
 a - a +0 robe (worn)
Jewellery
 g - an amulet of the acrobat (around neck)
Scrolls
 c - 2 scrolls of identify {unknown}
 f - a scroll of teleportation {unknown}
Potions
 b - 2 potions of magic
 e - a potion of berserk rage {unknown}


   Skills:
 + Level 2.5 Dodging
 + Level 2.6 Stealth
 + Level 3.6 Spellcasting
 + Level 1.2 Conjurations
 + Level 3.4 Air Magic


You had 7 spell levels left.
You knew the following spells:

 Your Spells              Type           Power      Damage    Failure   Level
a - Shock                 Conj/Air       48%        1d6       5%          1

Your spell library contained the following spells:

 Spells                   Type           Power      Damage    Failure   Level
 Static Discharge         Conj/Air       24%        2-3/arc   9%          2
 Swiftness                Air            16%        N/A       11%         3
 Momentum Strike          Conj/Tloc      10%        3d8       17%         2
 Blink                    Tloc           6%         N/A       22%         2
 Lesser Beckoning         Tloc           6%         N/A       22%         2
 Airstrike                Air            8%         2d(2-18)  34%         4


Dungeon Overview and Level Annotations

Branches:
Dungeon (2/15)

Altars:

Shops:
D:2 [


Message History

You kill the frilled lizard!
You now have 59 gold pieces (gained 10).
Things that are here:
a +0 dagger; a goblin corpse You see here a frilled lizard corpse.
You see here a potion of magic.
The zap hits the frilled lizard.
You kill the frilled lizard!
b - 2 potions of magic (gained 1)
Found an escape hatch in the floor.
Found two stone staircases leading down.
You can't see any susceptible monsters within range! (Use Z to cast anyway.)
You see here 8 stones.
You now have 64 gold pieces (gained 5).
You see here a +0 plate armour.
Done exploring.
Done exploring.
You start putting on your amulet.
You continue putting on your amulet of the acrobat. x5
You finish putting on your amulet of the acrobat.
You feel ready to tumble and roll out of harm's way.
g - an amulet of the acrobat (around neck)
There is a stone staircase leading down here.
You climb downwards.
The gnoll shouts! x3; The adder hisses angrily.
The gnoll shouts!
The endoplasm quivers.
Found a scroll labelled OHORON TUKISUY.
Found Uplade's Armour Shoppe.
There is a stone staircase leading up here.
Your line of fire to the gnoll is blocked by a granite statue.
The gnoll hits you from afar with a +2 spear of venom!
Ouch! That really hurt!
You are lethally poisoned!
There is a stone staircase leading up here.
* * * LOW HITPOINT WARNING * * *
You feel very sick. The gnoll barely misses you.
You climb upwards.
* * * LOW HITPOINT WARNING * * *
You feel very sick.
There is a stone staircase leading down here.
You die...

############ ########.####
#..........# #............
#..........#####.######.####
#...........................
#..........#....#######.####
#..........#.#### #.#
######.#####.# ######.####
#.# #>.# #.......... ####.##
#@## #.##.......
##.....###.# #.....#####
##.......##.# #.#...#≈≈≈≈
#.........#.# #.##..#≈≈≈≈
#.....[.....# #.##..#≈≈~~
#.........### #.##..#≈≈~.
#.........# #.##..#~~..
#.........# #.##..#~...
#.........# #.##..###..


There were no monsters in sight!

Vanquished Creatures
  A dart slug (D:1)
  An endoplasm (D:1)
  2 goblins (D:1)
  2 hobgoblins (D:1)
  A kobold (D:1)
  2 quokkas (D:1)
  4 ball pythons (D:1)
  2 bats (D:1)
  4 frilled lizards (D:1)
  2 rats (D:1)
21 creatures vanquished.

Notes
Turn   | Place    | Note
-------+----------+-------------------------------------------
     0 | D:1      | Maratek the Deep Elf Air Elementalist began the quest for
                  | the Orb.
     0 | D:1      | Reached XP level 1. HP: 10/10 MP: 6/6
   165 | D:1      | Reached XP level 2. HP: 9/15 MP: 0/8
   493 | D:1      | Found a faded altar of an unknown god.
   875 | D:2      | Found Uplade's Armour Shoppe.
   880 | D:1      | Succumbed to a gnoll's poison

Illustrated notes

Levels and vault maps discovered:
D:1:      lordsloth_arrival_two_stooges, layout_rooms,
          dilly_ecumenical_altar_fadedgnrine
D:2:      layout_rooms, serial_glass, glass_columns_a, glass_columns_a,
          serial_shops, nicolae_shop_pleasant_corner_grove,
          nicolae_shop_temple_entry_statues_fountains, shop,
          wad_floor_pattern_untrapped

Action                     || total
---------------------------++-------
   Cast: Shock             ||    40
 Armour: Robe              ||     5
  Dodge: Dodged            ||     6

Table legend: (Time is in decaauts)
 A = Elapsed time spent in this place.
 B = Non-inter-level travel time spent in this place.
 C = Inter-level travel time spent in this place.
 D = Time resting spent in this place.
 E = Time spent auto-exploring this place.
 F = Levels seen in this place.
 G = Mean time per level.
                   A        B        C        D        E       F      G
               +--------+--------+--------+--------+--------+-----+--------+
         Total |    880 |    860 |     20 |    127 |    629 |   2 |  440.0 |
       Dungeon |    880 |    860 |     20 |    127 |    629 |   2 |  440.0 |
               +--------+--------+--------+--------+--------+-----+--------+

Top non-repeatable levels by time:
     D:1: 876 daAuts
     D:2: 3 daAuts
